 Dungeon Crawl Stone Soup version 0.29-a0-337-g68df138881 (webtiles) character file.

Game seed: 1815166902610439586

405 spaghetti the Magician (level 6, -3/33 (36) HPs)
             Began as an Octopode Conjurer on Apr 16, 2022.
             Was a Priest of Ru.
             Slain by an ice beast (19 damage)
             ... on level 6 of the Dungeon.
             The game lasted 00:06:39 (4878 turns).

spaghetti the Magician (Octopode Conjurer)          Turns: 4878, Time: 00:06:39

HP:   -3/33 (36)    AC:  1    Str:  6      XL:     6   Next: 87%
MP:   13/14         EV: 12    Int: 19 (22) God:    Ru [***...]
Gold: 167           SH:  3    Dex: 11      Spells: 12/16 levels left

rFire   x . .      SeeInvis .   f - +2 dagger (protect) {short}
rCold   x . .      Faith    .   m - +0 buckler
rNeg    . . .      Spirit   .   (helmet restricted)
rPois   .          Reflect  .   (no amulet)
rElec   .          Harm     .   (no ring)
rCorr   .          Rampage  .   (no ring)
Will    .....                   (no ring)
Stlth   +++.......              (no ring)
HPRegen 0.11/turn               (no ring)
MPRegen 0.14/turn               (no ring)
                                (no ring)
                                (no ring)

@: drained
A: almost no armour, amphibious, 8 rings, camouflage 1, gelatinous body 1,
missing an eye, temperature sensitive, (nimble swimmer 1), tentacles
a: Renounce Religion, Draw Out Power


You were on level 6 of the Dungeon.
You worshipped Ru.
Ru was most pleased with you.
You visited 1 branch of the dungeon, and saw 6 of its levels.

You collected 167 gold pieces.


Innate Abilities, Weirdness & Mutations

You cannot wear most types of armour.
You are amphibious.
You can wear up to eight rings at the same time.
Your skin changes colour to match your surroundings (Stealth+).
Your rubbery body absorbs attacks. (AC +1, EV +1)
You are missing an eye, making it more difficult to aim.
You are sensitive to extremes of temperature. (rF-, rC-)
((You are camouflaged when in or above water. (Stealth+)))
You have tentacles for arms and can constrict up to eight enemies at once.


   Skills:
 - Level 2.0 Dodging
 - Level 2.6 Stealth
 + Level 5.9 Spellcasting
 - Level 5.0 Conjurations


You had 12 spell levels left.
You knew the following spells:

 Your Spells              Type           Power      Damage    Failure   Level
a - Magic Dart            Conj           96%        1d7       1%          1
b - Searing Ray           Conj           48%        2d6       3%          2
c - Foxfire               Conj/Fire      60%        2x1d7     5%          1

Your spell library contained the following spells:

 Spells                   Type           Power      Damage    Failure   Level
 Conjure Flame            Conj/Fire      15%        6-21      17%         3
 Dazzling Flash           Conj/Hex       30%        N/A       17%         3
 Blink                    Tloc           10%        N/A       24%         2
 Inner Flame              Hex/Fire       5%         N/A       43%         3
 Portal Projectile        Hex/Tloc       10%        N/A       43%         3
 Flame Wave               Conj/Fire      15%        2d6       50%         4
 Fulminant Prism          Conj/Hex       7%         3d7       50%         4
 Iskenderun's Mystic Bla  Conj/Tloc      15%        2d5       50%         4
 Blade Hands              Tmut           2%         N/A       99%         5
 Excruciating Wounds      Necr           2%         N/A       99%         5
 Manifold Assault         Tloc           5%         N/A       99%         5
 Storm Form               Tmut/Air       2%         N/A       100%        7

Inventory:

Hand Weapons
 e - a +0 club {mace}
   (You took it off a goblin on level 1 of the Dungeon)
 f - a +2 dagger of protection (weapon) {short}
   (You took it off a goblin on level 1 of the Dungeon)
Missiles
 b - 59 stones {throwing}
 p - 5 javelins {throwing}
 t - 2 boomerangs {throwing}
 u - 7 poisoned darts {throwing}
Armour
 m - a +0 buckler (worn)
   (You found it on level 2 of the Dungeon)
Wands
 v - a wand of polymorph (10)
   (You found it on level 4 of the Dungeon)
Scrolls
 d - a scroll of teleportation {unknown}
 g - 2 scrolls of magic mapping {unknown}
 j - 4 scrolls of identify {unknown}
 k - a scroll of silence {unknown}
 o - a scroll of noise {unknown}
 r - a scroll of amnesia {unknown}
Potions
 a - a potion of magic
 c - a potion of degeneration {!q@e2}
 i - 2 potions of curing {@q1}
 l - a potion of brilliance {unknown}
 n - a potion of resistance {unknown}
 q - a potion of flight {unknown}
 s - a potion of haste {unknown}

Dungeon Overview and Level Annotations

Branches:
Dungeon (7/15)
 Temple: D:4-7

Altars:
Dithmenos
Qazlal
Ru

Annotations:
D:3 1 runed translucent door, Crazy Yiuf

... #Y. #. ..) #.
#[# #. ...
##.####.#######
...............
####v###.###########
#..@v#..>.))...)....
##.#Y###.###########
...#.....#
###########


You could see an ice beast (ally target).


Message History

Things that are here:
a +0 flail {mace}; a +0 whip {mace}; a gnoll corpse An ice beast comes into view.
An ice beast is nearby!
An ice beast is nearby!
An ice beast is nearby!
Casting: Magic Dart (safe; 1% risk of failure)
Confirm with . or Enter, or press ? or * to list all spells.
Aiming: Searing Ray (safe; 3% risk of failure)
Press: ? - help, Shift-Dir - straight line, f - ice beast
Aim: an ice beast (wandering, hasn't noticed you, 68% to hit)
The searing ray misses the ice beast. (Press . to maintain the ray.) 😎 MP[-2]
You lost 2 mp, and now have 12/14 mp.
The searing ray misses the ice beast. 😎 MP[-1]
You lost 1 mp, and now have 11/14 mp.
The searing ray hits the ice beast! 😎 MP[-1]
You lost 1 mp, and now have 10/14 mp.
The searing ray misses the ice beast.
You finish channelling your searing ray.
The ice beast hits you. The ice beast freezes you!
You feel a terrible chill!
* * * LOW HITPOINT WARNING * * *
Unknown command. 😨 HP[-20] MP[-1]
You take 20 damage, and now have 15/35 hp.
MASSIVE DAMAGE!! (PAUSE)
You lost 1 mp, and now have 9/14 mp.
Casting: Searing Ray (safe; 3% risk of failure)
Confirm with . or Enter, or press ? or * to list all spells.
Aiming: Searing Ray (safe; 3% risk of failure)
Press: ? - help, Shift-Dir - straight line, f/p - ice beast
Aim: an ice beast (moderately wounded, 68% to hit)
Okay, then.
Okay, then.
You are restored by drawing out deep reserves of power within.
You feel drained. The ice beast hits you. The ice beast freezes you!
You feel a terrible chill!
* * * LOW HITPOINT WARNING * * *
😨 HP[-1] MP[+5]
You now have 33 max hp (-2).
Your mp is fully restored (14).
Unknown command.
Unknown command.
Unknown command.
As you read the scroll labelled LOEHINL ILILU, it crumbles to dust.
You assume a fearsome visage.
The ice beast looks frightened!
It was a scroll of fear.
There is a stone staircase leading down here.
You climb downwards.
You hear the roar of battle.
There is an entrance to a bailey on this level.
Hurry and find it before the portal closes forever!
You hear the faint creaking of a portcullis very nearby.
There is a stone staircase leading up here. 😨 HP[+1] Unknown command.
Unknown command.
Okay, then.
You climb upwards.
You hear the hiss of flowing sand.
There is an entrance to an ossuary on this level.
Hurry and find it before the portal is buried!
There is a stone staircase leading down here.
Unknown command.
Unknown command.
Unknown command.
Unknown command.
Unknown command.
Okay, then.
Memorise Foxfire, consuming 1 spell level and leaving 12?
You feel less exhausted.
You start memorising the spell.
You continue memorising.
You finish memorising.
Spell assigned to 'c'.
You start resting.
An ice beast is nearby! 😮 HP[+3]
You regained 3 hp, and now have 18/33 hp.
Casting: Searing Ray (safe; 3% risk of failure)
Confirm with . or Enter, or press ? or * to list all spells.
You conjure some foxfire!
The foxfire hits the ice beast but does no damage. 😮 MP[-1]
You lost 1 mp, and now have 13/14 mp.
Found a stone staircase leading up. 😮 MP[+1]
Your mp is fully restored (14). 😮 HP[+1]
Casting: Foxfire (safe; 5% risk of failure)
Confirm with . or Enter, or press ? or * to list all spells.
You conjure some foxfire! 😮 MP[-1]
You lost 1 mp, and now have 13/14 mp.
The ice beast attacks as you move away! The ice beast hits you.
* * * LOW HITPOINT WARNING * * *
The ice beast freezes you!!
You feel a terrible chill!
Ouch! That really hurt!
You die...

Skill      XL: |  1  2  3  4  5 |
---------------+----------------+-----
Conjurations   | 5 |  5.0
Spellcasting   | 3 5 |  5.9
Dodging        | |  2.0
Stealth        | |  2.6

Action                   |  1- 3 |  4- 6 || total
-------------------------+-------+-------++-------
Melee: Dagger            |     1 |     6 ||     7
 Cast: Magic Dart        |    57 |    99 ||   156
       Searing Ray       |       |    15 ||    15
       Foxfire           |       |     2 ||     2
Invok: Sacrifice an Eye  |     1 |       ||     1
       Draw Out Power    |       |     6 ||     6
       Sacrifice Resista |       |     1 ||     1
  Use: Potion            |       |     2 ||     2
       Scroll            |       |     1 ||     1
Armor: Skin              |       |     2 ||     2
Dodge: Dodged            |     4 |    20 ||    24
Block: Buckler           |       |     4 ||     4

Levels and vault maps discovered:
D:1:      matt_arrival_spirals, layout_loops_cross,
          hellmonk_ecumenical_altar_leap_of_faith
D:2:      layout_basic, basic_altar
D:3:      cheibrodos_helix_gallery, layout_loops_ring,
          nicolae_qazlal_scattered_showers, uniq_crazy_yiuf_cottage
D:4:      layout_layer_cave, chequers_serial_rivers_micro_b,
          kennysheep_crisscross
D:6:      layout_basic, minmay_temple_entry_trees, nicolae_ossuary_entry_ruins
D:7:      layout_loops_cross, jmf_multi_god_temple2, enter_bailey_4

Notes
Turn   | Place    | Note
-------+----------+-------------------------------------------
     0 | D:1      | spaghetti the Octopode Conjurer began the quest for the
                  | Orb.
     0 | D:1      | Reached XP level 1. HP: 11/11 MP: 3/3
     0 | D:1      | magus.rc [v1.9.6]
   310 | D:1      | Reached XP level 2. HP: 17/17 MP: 1/5
   458 | D:1      | Found a faded altar of an unknown god.
   515 | D:1      | Prayed at the altar of an unknown god.
   515 | D:1      | Became a worshipper of Ru the Awakened
   517 | D:1      | Gained mutation: You are missing an eye, making it more
                  | difficult to aim. [Ru sacrifice]
   517 | D:1      | Reached * piety under Ru
  1197 | D:2      | Reached skill level 5 in Conjurations
  1197 | D:2      | Reached XP level 3. HP: 21/21 MP: 0/6
  1482 | D:2      | Found a shadowy altar of Dithmenos.
  1496 | D:2      | Reached XP level 4. HP: 27/27 MP: 1/8
  1782 | D:2      | Reached skill level 3 in Spellcasting
  2236 | D:3      | You pick up a book of Weapons and begin reading...
  2236 | D:3      | You add the spells Portal Projectile, Excruciating Wounds
                  | and Blade Hands to your library.
  2479 | D:3      | You add the spells Blink, Manifold Assault and Storm Form
                  | to your library.
  2775 | D:3      | Found a stormy altar of Qazlal.
  2784 | D:3      | Reached XP level 5. HP: 31/31 MP: 8/10
  2803 | D:3      | You pick up a book of Flames and begin reading...
  2803 | D:3      | You add the spells Foxfire, Conjure Flame, Inner Flame and
                  | Flame Wave to your library.
  3067 | D:3      | Found a runed translucent door.
  3068 | D:3      | Noticed Crazy Yiuf
  3263 | D:3      | Gained mutation: You are sensitive to extremes of
                  | temperature. (rF-, rC-) [Ru sacrifice]
  3263 | D:3      | Reached ** piety under Ru
  3263 | D:3      | Reached *** piety under Ru
  3548 | D:4      | HP: 7/31 [white imp/puff of frost (15)]
  3550 | D:4      | Reached skill level 4 in Spellcasting
  3784 | D:4      | Learned a level 2 spell: Searing Ray
  4010 | D:4      | Reached skill level 5 in Spellcasting
  4010 | D:4      | Reached XP level 6. HP: 14/35 MP: 4/13
  4013 | D:4      | HP: 8/35 [poisoned by a scorpion]
  4618 | D:4      | You fall into a shaft and drop 3 floors!
  4618 | D:7      | Noticed a cyclops
  4832 | D:6      | Noticed an ice beast
  4849 | D:6      | Learned a level 1 spell: Foxfire
  4878 | D:6      | Slain by an ice beast

Vanquished Creatures
  A scorpion (D:4)
  A hound (D:3)
  A gnoll shaman (D:6)
  2 orc priests (D:4)
  An iguana (D:4)
  An orc wizard (D:4)
  7 gnolls
  An adder (D:4)
  A shadow imp (D:6)
  A white imp (D:4)
  A worm (D:2)
  A dart slug (D:1)
  11 orcs
  3 ball pythons
  5 endoplasms
  2 giant cockroaches
  5 goblins
  3 hobgoblins
  4 jackals (D:3)
  8 kobolds
  4 quokkas
  4 bats
  4 frilled lizards
  5 rats
77 creatures vanquished.

Vanquished Creatures (others)
  A quokka (D:3)
1 creature vanquished.

Grand Total: 78 creatures vanquished

Table legend:
 A = Non-vault XP
 B = Vault XP
 C = Vault XP percentage of total XP
 D = Non-vault monster count
 E = Vault monster count
 F = Vault count percentage of total count
                 A         B        C        D         E       F
            +---------+---------+-------+---------+---------+-------
      Total |     575 |       4 |   0.7 |      75 |       2 |   2.6
            +---------+---------+-------+---------+---------+-------
        D:1 |      30 |       0 |   0.0 |      17 |       0 |   0.0
        D:2 |      68 |       0 |   0.0 |      17 |       0 |   0.0
        D:3 |      76 |       4 |   5.0 |      17 |       2 |  10.5
        D:4 |     290 |       0 |   0.0 |      18 |       0 |   0.0
        D:6 |     111 |       0 |   0.0 |       6 |       0 |   0.0
            +---------+---------+-------+---------+---------+-------

Illustrated notes

Table legend:
 A = Kills in this place as a percentage of kills in entire the game.
 B = Kills by you in this place as a percentage of kills by you in the entire game.
 C = Kills by friends in this place as a percentage of kills by friends in the entire game.
 D = Other kills in this place as a percentage of other kills in the entire game.
 E = Experience gained in this place as a percentage of experience gained in the entire game.
 F = Experience gained in this place divided by the number of levels of this place that you have seen.
                   A       B       C       D       E      F
               +-------+-------+-------+-------+-------+----------------------
         Total | 100.0 | 100.0 |   N/A |   N/A | 100.0 |  96.5
       Dungeon | 100.0 | 100.0 |   N/A |   N/A | 100.0 |  96.5
               +-------+-------+-------+-------+-------+----------------------

Table legend: (Time is in decaauts)
 A = Elapsed time spent in this place.
 B = Non-inter-level travel time spent in this place.
 C = Inter-level travel time spent in this place.
 D = Time resting spent in this place.
 E = Time spent auto-exploring this place.
 F = Levels seen in this place.
 G = Mean time per level.
                   A        B        C        D        E       F      G
               +--------+--------+--------+--------+--------+-----+--------+
         Total |   4880 |   4664 |    216 |   1130 |   3102 |   6 |  813.3 |
       Dungeon |   4880 |   4664 |    216 |   1130 |   3102 |   6 |  813.3 |
               +--------+--------+--------+--------+--------+-----+--------+

Top non-repeatable levels by time:
     D:3: 1209 daAuts
     D:1: 1206 daAuts
     D:4: 1180 daAuts
     D:2: 1024 daAuts
     D:6: 251 daAuts
     D:7: 9 daAuts
